 Dungeon Crawl Stone Soup version 0.30-a0-760-g5a9884bb7c (webtiles) character file.

Game seed: 10498201020619126033

133 jimonade the Cutter (level 5, 0/39 HPs)
             Began as a Djinni Gladiator on Feb 10, 2023.
             Slain by an iguana (1 damage)
             ... on level 3 of the Dungeon.
             The game lasted 00:02:01 (1102 turns).

jimonade the Cutter (Djinni Gladiator)              Turns: 1102, Time: 00:02:01

Health: 0/39       AC:  5    Str: 13    XL:     5   Next: 40%
Gold:   59         EV: 13    Int: 10    God:
                   SH:  0    Dex: 16

rFire   + + .      SeeInvis .    a - +0 rapier
rCold   x . .      Faith    .    (no shield)
rNeg    . . .      Spirit   .    b - +0 leather armour
rPois   ∞          Reflect  .    c - +0 helmet
rElec   .          Harm     .    i - +0 cloak
rCorr   .          Rampage  .    (no gloves)
Will    .....                    (boots unavailable)
Stlth   +                        (no amulet)
HPRegen 0.26/turn                (no ring)
MPRegen 0.00/turn                (no ring)

@: flying
A: sickness immunity, fire resistance 2, cold vulnerability 1, float, innate
caster, HP casting, extra vitality 1
a: no special abilities


You were on level 3 of the Dungeon.
You visited 1 branch of the dungeon, and saw 3 of its levels.

You collected 59 gold pieces.

Inventory:

Hand Weapons
 a - a +0 rapier (weapon)
Missiles
 d - 3 throwing nets (quivered)
 e - a javelin
Armour
 b - a +0 leather armour (worn)
 c - a +0 helmet (worn)
 i - a +0 cloak (worn)
Scrolls
 f - a scroll of acquirement {unknown}
 j - a scroll of immolation {unknown}
 k - a scroll of vulnerability {unknown}
 l - 4 scrolls of noise {unknown}
 m - 2 scrolls of identify {unknown}
 o - a scroll of enchant weapon {unknown}
 p - a scroll of butterflies {unknown}
Potions
 g - a potion of heal wounds {unknown}
 h - 2 potions of lignification {unknown}
 n - a potion of brilliance {unknown}


   Skills:
 + Level 2.4 Fighting
 * Level 4.3 Short Blades
 + Level 1.6 Throwing
 + Level 1.2 Armour
 + Level 4.0 Dodging
 + Level 0.1 Stealth


You had one spell level left.
You knew the following spells:

 Your Spells              Type           Power      Damage    Failure   Level
a - Sting                 Tmut/Pois      0%         1d3       43%         1
b - Blink                 Tloc           0%         N/A       58%         2
Your spell library was empty.

Dungeon Overview and Level Annotations

Branches:
Dungeon (3/15)

Altars:

Annotations:
D:2 Sigmund


Innate Abilities, Weirdness & Mutations

You are immune to sickness and miasma.
You are immune to poison.
Your flesh is very heat resistant. (rF++)
You are vulnerable to cold. (rC-)
You float through the air rather than walking.
You learn spells naturally, not from books.
Your magical power is your life essence.
You have superior vitality. (+4 MHP)


Message History

You are too injured to fight recklessly!
You are too injured to fight recklessly!
You hit the iguana but do no damage.
The iguana is lightly wounded.
The iguana barely misses you. The iguana attacks as you move away!
The iguana bites you. The ball python misses you. The ball python grabs you.
The ball python constricts you.
You escape the ball python's grasp.
There is a stone staircase leading up here.
The ball python misses you. x2; The iguana barely misses you.
You hit the iguana.
The iguana is moderately wounded.
The ball python barely misses you. The ball python grabs you.
The ball python constricts you. The iguana closely misses you.
You escape the ball python's grasp.
The iguana attacks as you move away! The iguana barely misses you.
Found a robe.
You hit the iguana.
The iguana is heavily wounded.
The iguana bites you but does no damage.
You hit the iguana but do no damage.
The iguana is heavily wounded.
The iguana misses you.
You closely miss the iguana.
The iguana is heavily wounded.
The iguana barely misses you.
You hit the iguana.
The iguana is severely wounded.
You closely miss the iguana.
The iguana is severely wounded.
The iguana bites you!
* * * LOW HITPOINT WARNING * * *
You hit the iguana.
The iguana is almost dead.
The iguana bites you.
* * * LOW HITPOINT WARNING * * *
You closely miss the iguana.
The iguana is almost dead.
The iguana bites you.
You die...

#..<......# .
#....>....#
..#.........#
............
#.........######
#............#
#..#.......#
#.@lS......#
#.##.......# #.
#.....$.# ..
#.......# #.#
#.......# #.
#.......# .[
#>......# ..
#.......#


You could see an iguana and a ball python.

Vanquished Creatures
  Natasha (thrice) (D:2)
  An adder (D:2)
  3 dart slugs (D:1)
  6 ball pythons
  A bat (D:1)
  5 endoplasms
  2 giant cockroaches
  A goblin (D:1)
  4 hobgoblins
  4 jackals (D:1)
  2 quokkas (D:1)
  2 frilled lizards
  3 kobolds (D:1)
  4 rats (D:1)
41 creatures vanquished.

Notes
Turn   | Place    | Note
-------+----------+-------------------------------------------
     0 | D:1      | jimonade the Djinni Gladiator began the quest for the Orb.
     0 | D:1      | Reached XP level 1. HP: 18/18 MP: 0/0
   131 | D:1      | Reached XP level 2. HP: 23/23 MP: 0/0
   298 | D:1      | Reached XP level 3. HP: 20/28 MP: 0/0
   298 | D:1      | Learned a level 1 spell: Sting
   901 | D:2      | Noticed Natasha
   907 | D:2      | Killed Natasha
   908 | D:2      | Reached XP level 4. HP: 33/33 MP: 0/0
   941 | D:2      | Noticed Natasha
   948 | D:2      | Killed Natasha
   966 | D:2      | Reached skill level 1 in Armour
   966 | D:2      | Reached XP level 5. HP: 37/39 MP: 0/0
   966 | D:2      | Learned a level 2 spell: Blink
  1002 | D:2      | Noticed Natasha
  1011 | D:2      | Killed Natasha
  1071 | D:2      | Noticed Sigmund
  1101 | D:3      | HP: 1/39 [iguana (5)]
  1102 | D:3      | Slain by an iguana

Illustrated notes

Levels and vault maps discovered:
D:1:      enne_arrival_octagon_isle, layout_basic
D:2:      layout_rooms, uniq_sigmund, uniq_natasha, uniq_crazy_yiuf_cottage
D:3:      layout_rooms, mainiacjoe_overflow_six_doors_small,
          gammafunk_ghost_stat_death, roderic_serpentine_path

Skill      XL: |  1  2  3  4  5 |
---------------+----------------+-----
Short Blades   | 3 4 |  4.3
Armour         | 1 |  1.2
Dodging        | 4 |  4.0
Fighting       | |  2.4
Throwing       | |  1.6
Stealth        | |  0.1

Action                     |  1- 3 |  4- 6 || total
---------------------------+-------+-------++-------
  Melee: Rapier            |   151 |    56 ||   207
         Punch             |     1 |       ||     1
   Stab: Sleeping          |     1 |       ||     1
 Armour: Leather armour    |    46 |    18 ||    64
  Dodge: Dodged            |   106 |    42 ||   148

Table legend: (Time is in decaauts)
 A = Elapsed time spent in this place.
 B = Non-inter-level travel time spent in this place.
 C = Inter-level travel time spent in this place.
 D = Time resting spent in this place.
 E = Time spent auto-exploring this place.
 F = Levels seen in this place.
 G = Mean time per level.
                   A        B        C        D        E       F      G
               +--------+--------+--------+--------+--------+-----+--------+
         Total |   1106 |   1062 |     44 |      0 |    674 |   3 |  368.7 |
       Dungeon |   1106 |   1062 |     44 |      0 |    674 |   3 |  368.7 |
               +--------+--------+--------+--------+--------+-----+--------+

Top non-repeatable levels by time:
     D:1: 831 daAuts
     D:2: 258 daAuts
     D:3: 16 daAuts
